 Dungeon Crawl Stone Soup version 0.21-a0-110-g8e1637b (webtiles) character file.

159 sagitran the Skirmisher (level 5, 0/43 HPs)
             Began as a Demonspawn Abyssal Knight on July 10, 2017.
             Was a Believer of Lugonu.
             Slain by sagitran's ghost (3 damage)
             ... on level 4 of the Dungeon.
             The game lasted 00:17:42 (3362 turns).

sagitran the Skirmisher (Demonspawn Abyssal Knight) Turns: 3362, Time: 00:17:43

Health: 0/43       AC:  5    Str: 13    XL:     5   Next: 17%
Magic:  0/7        EV: 12    Int: 14    God:    Lugonu [**....]
Gold:   146        SH:  0    Dex: 12    Spells: 2/4 levels left

rFire    + . .     SeeInvis .   i - +0 spear (venom)
rCold    x . .     Gourm    .   (no shield)
rNeg     . . .     Faith    .   a - +0 leather armour
rPois    .         Spirit   +   (helmet restricted)
rElec    .         Reflect  .   (no cloak)
rCorr    .         Harm     .   (no gloves)
MR       .....                  c - +0 pair of boots
Stlth    ++........             h - amulet of magic regeneration
HPRegen  0.14/turn              j - ring of stealth
MPRegen  0.35/turn              l - ring of fire

@: confusing touch, very slightly contaminated
A: antennae 2, rugged brown scales 1, magic shield
a: Depart the Abyss, Bend Space, Renounce Religion


You were on level 4 of the Dungeon.
You worshipped Lugonu.
Lugonu was pleased with you.
You were not hungry.

You visited 1 branch of the dungeon, and saw 4 of its levels.
You visited the Abyss 1 time.

You collected 146 gold pieces.

Inventory:

Hand Weapons
 d - a +0 dagger
 i - a +0 spear of venom (weapon)
Missiles
 n - 7 needles of frenzy
 t - 5 needles of sleeping
Armour
 a - a +0 leather armour (worn)
 c - a +0 pair of boots (worn)
Jewellery
 h - an amulet of magic regeneration (around neck)
 j - a ring of stealth (left hand)
 l - a ring of fire (right hand)
Wands
 k - a wand of scattershot (0/9)
Scrolls
 e - a scroll of remove curse
 q - 2 scrolls of identify {unknown}
 u - a scroll of enchant weapon {unknown}
 x - a scroll of teleportation {unknown}
Potions
 f - a potion of mutation {unknown}
 g - a potion of cancellation {unknown}
 m - 2 potions of heal wounds {unknown}
 o - a potion of magic {unknown}
 p - 3 potions of berserk rage {unknown}
 r - 4 potions of curing {unknown}
 v - a potion of haste {unknown}
 w - a potion of resistance {unknown}
Books
 y - a book of Cantrips

   Spells                             Type                      Level
   a - Confusing Touch                Hexes                        1
   b - Animate Skeleton               Necromancy                   1
   c - Summon Small Mammal            Summoning                    1
   d - Apportation                    Translocation                1
Comestibles
 s - a meat ration


   Skills:
 + Level 3.8 Fighting
 + Level 0.8 Polearms
 + Level 2.1 Armour
 + Level 1.7 Dodging
 + Level 1.3 Stealth
 + Level 3.0 Unarmed Combat
 + Level 3.0 Invocations


You had 2 spell levels left.
You knew the following spells:

 Your Spells              Type           Power        Failure   Level  Hunger
a - Animate Skeleton      Necr           N/A          36%         1    ##.....
b - Confusing Touch       Hex            #.....       36%         1    ##.....


Dungeon Overview and Level Annotations

Branches:
Dungeon (4/15)             Temple (0/1) D:4

Altars:

Annotations:
D:3 Natasha
D:4 Sigmund; sagitran's ghost, weakling DsAK


Innate Abilities, Weirdness & Mutations

You have a pair of antennae on your head.
You are partially covered in rugged brown scales. (AC +1, +3% HP)
When hurt, damage is shared between your health and your magic reserves.


Message History

You hit sagitran's ghost.
Sagitran's ghost is severely damaged.
Sagitran's ghost barely misses you.
You hit sagitran's ghost but do no damage.
Sagitran's ghost is severely damaged.
Sagitran's ghost hits you.
* * * LOW HITPOINT WARNING * * *
Cast which spell? (? or * to list)
Okay, then.
Cast which spell? (? or * to list)
You miscast Confusing Touch.
You are very lightly contaminated with residual magic.
You feel off-balance for a moment. Sagitran's ghost hits you.
* * * LOW HITPOINT WARNING * * *
Casting: Confusing Touch
Confirm with . or Enter, or press ? or * to list all spells.
Your hands begin to glow red.
Sagitran's ghost shouts, "What do you have that I didn't have?"
Sagitran's ghost hits you.
You die...

.#..≈≈≈≈≈≈.>.≈≈≈≈≈
......≈≈≈≈≈≈...≈≈≈≈≈
#......≈≈≈≈≈≈≈≈≈≈≈≈≈
#........≈≈≈≈≈≈≈≈≈..
#..........≈≈≈≈≈....
#...................
#..................#
#?......÷†.W@......#
.#....<#.........#
#..####.........#
#.## ###.......#
.... ... #........
.... ..## #.####...
.... #... ... ...
.... ... ... .. ....
... ##..


You could see sagitran's ghost.

Vanquished Creatures
  8 adders
  An ooze (D:1)
  A worm (D:3)
  5 dart slugs
  4 leopard geckos
  3 orcs (D:3)
  12 bats
  7 giant cockroaches
  8 goblins
  3 hobgoblins
  7 kobolds
  2 frilled lizards
  6 rats
67 creatures vanquished.

Notes
Turn   | Place    | Note
-------+----------+-------------------------------------------
     0 | Abyss:1  | sagitran the Demonspawn Abyssal Knight began the quest for the Orb.
     0 | Abyss:1  | Reached XP level 1. HP: 18/18 MP: 2/2
     3 | D:1      | Escaped the Abyss
    82 | D:1      | Gained mutation: You are partially covered in rugged brown scales. (AC +1, +3% HP) [demonic ancestry]
    82 | D:1      | Reached XP level 2. HP: 16/24 MP: 4/4
   143 | D:2      | Reached skill level 1 in Dodging
   176 | D:2      | Gained mutation: When hurt, damage is shared between your health and your magic reserves. [demonic ancestry]
   176 | D:2      | Reached XP level 3. HP: 12/29 MP: 5/5
   457 | D:2      | Found a faded altar of an unknown god.
  1210 | D:1      | Reached ** piety under Lugonu
  1730 | D:2      | Gained mutation: You have a pair of small antennae on your head. [demonic ancestry]
  1730 | D:2      | Reached XP level 4. HP: 38/38 MP: 6/6
  1830 | D:3      | Noticed Natasha
  2125 | D:3      | Reached skill level 1 in Stealth
  2621 | D:3      | Gained mutation: You have a pair of antennae on your head. [demonic ancestry]
  2621 | D:3      | Reached XP level 5. HP: 20/43 MP: 7/7
  2649 | D:3      | Learned a level 1 spell: Animate Skeleton
  2651 | D:3      | Learned a level 1 spell: Confusing Touch
  2817 | D:4      | Noticed Sigmund
  2953 | D:4      | Noticed sagitran's ghost (weakling DsAK)
  3324 | D:4      | Found a staircase to the Ecumenical Temple.
  3361 | D:4      | HP: 2/43 [sagitran's ghost (2)]
  3362 | D:4      | Slain by sagitran's ghost

Vault maps used:
D:1:      nicolae_arrival_washed_ashore
D:2:      chequers_ecumenical_altar_lobes, hangedman_abyss_or_decor_lesser_grid
D:3:      uniq_natasha
D:4:      temple_pool_b, first_bread, okawaru_trees_2, uniq_sigmund

Skill      XL: |  1  2  3  4  5 |
---------------+----------------+-----
Unarmed Combat | 2 3 |  3.0
Dodging        | 1 |  1.7
Invocations    | 3 |  3.0
Armour         | 2 |  2.1
Stealth        | 1 |  1.3
Fighting       | |  3.8
Polearms       | |  0.8

Action                   |  1- 3 |  4- 6 || total
-------------------------+-------+-------++-------
Melee: Spear             |    25 |    88 ||   113
       Unarmed           |   121 |    69 ||   190
       Punch             |     1 |     2 ||     3
       Dagger            |       |    15 ||    15
 Cast: Confusing Touch   |       |     1 ||     1
Evoke: Wand              |       |     3 ||     3
  Use: Scroll            |       |     2 ||     2
 Stab: Sleeping          |     6 |     3 ||     9
       Distracted        |     1 |       ||     1
  Eat: Bread ration      |     1 |     1 ||     2
       Royal jelly       |       |     1 ||     1
Armor: Leather armour    |    68 |    73 ||   141
Dodge: Dodged            |    97 |   123 ||   220
